 Dungeon Crawl Stone Soup version 0.20.0-3-g22ec75f (webtiles) character file.

4054 Rrauwl the Grappler (level 10, -17/84 HPs)
             Began as a Troll Assassin on May 27, 2017.
             Was a Follower of Hepliaklqana.
             Killed from afar by a deep elf knight (37 damage)
             ... with a stone arrow
             ... on level 7 of the Dungeon.
             The game lasted 00:20:05 (5050 turns).

Rrauwl the Grappler (Troll Assassin)                Turns: 5050, Time: 00:20:09

Health: -17/84     AC:  5    Str: 24    XL:     10   Next: 4%
Magic:  9/9        EV:  9    Int: 10    God:    Hepliaklqana [*.....]
Gold:   373        SH:  5    Dex: 13    Spells: 9/9 levels left

rFire    . . .     SeeInvis .     - Unarmed
rCold    . . .     Gourm    +   (no shield)
rNeg     . . .     Faith    .   c - +0 robe
rPois    .         Spirit   .   (helmet restricted)
rElec    .         Reflect  +   d - +0 cloak
rCorr    .         Harm     .   (gloves unavailable)
MR       .....                  (boots unavailable)
Stlth    ++........             n - +5 amulet of reflection
Regen    1.1/turn               b - +2 ring of dexterity
MPRegen  0.2/turn               x - +3 ring of intelligence

@: flying, drained
A: unfitting armour, reduced essence, claws 3, talons 2, deformed body, fast
metabolism 3, gourmand, regeneration 2, shaggy fur 1, tough skin 2
a: Recall Ancestor, Ancestor Identity, Renounce Religion


You were on level 7 of the Dungeon.
You worshipped Hepliaklqana.
Hepliaklqana was aware of your devotion.
You were full.

You visited 2 branches of the dungeon, and saw 8 of its levels.
You also visited: Sewer.

You collected 373 gold pieces.

Inventory:

Hand Weapons
 i - the +7 whip "Qoamnysio" {slash, *Rage +Rage rN+ Dex+4}
   (You found it on level 4 of the Dungeon)

   It inflicts extra damage upon your enemies.
   It affects your dexterity (+4).
   It protects you from negative energy.
   It lets you go berserk.
   It may make you go berserk in combat.
 k - a cursed -1 giant spiked club
Missiles
 l - 47 poisoned needles
 r - 3 large rocks (quivered)
Armour
 c - a +0 robe (worn)
 d - a +0 cloak (worn)
Jewellery
 b - a +2 ring of dexterity (left claw)
 n - a +5 amulet of reflection (around neck)
 x - a +3 ring of intelligence (right claw)
Wands
 f - a wand of iceblast (2/15)
 o - a wand of enslavement (11/24)
 z - a wand of confusion (34/48)
 A - a wand of disintegration (16/24)
Scrolls
 a - a scroll of fear
 e - 3 scrolls of teleportation
 h - a scroll of immolation
 v - a scroll of identify
 y - a scroll of recharging
Potions
 j - a potion of curing
 p - 3 potions of heal wounds
 q - 2 potions of cancellation
Comestibles
 g - 7 bread rations
 m - 7 meat rations
 s - 2 fruits
 w - 2 royal jellies


   Skills:
 + Level 4.8(4.6) Fighting
   Level 1.5(1.4) Short Blades
 - Level 2.0(1.9) Throwing
 - Level 1.0(0.9) Dodging
 - Level 2.1(2.0) Stealth
 + Level 12.9(12.7) Unarmed Combat


You had 9 spell levels left.
You didn't know any spells.

Dungeon Overview and Level Annotations

Branches:
Dungeon (7/15)             Temple (1/1) D:5

Altars:
Ashenzari
Cheibriados
Dithmenos
Elyvilon
Fedhas
Hepliaklqana
Kikubaaqudgha
Makhleb
Nemelex Xobeh
Okawaru
Qazlal
Ru
Sif Muna
Trog
Uskayaw
Vehumet
Xom
Yredelemnul
The Shining One

Shops:
D:6 *

Annotations:
D:7 2 runed doors


Innate Abilities, Weirdness & Mutations

You are too large for most types of armour.
You have claws for hands.
Your metabolism is lightning-fast.
You like to eat raw meat.
You heal very quickly.
You are covered in fur. (AC +1)
You have very tough skin. (AC +2)
Your life essence is reduced. (-10% HP)
You have razor-sharp toenails.
Armour fits poorly on your strangely shaped body.


Message History

You claw the kobold demonologist!
You kill the kobold demonologist!
The red devil disappears in a puff of smoke!
The hellwing disappears in a puff of smoke!
You have reached level 10!
Rick remembers more of his old skill.
The deep elf knight shoots an arrow.
The arrow hits you.
You hear a splash.
The kobold demonologist begins to cast a cantrip, but forgets the words!
The shadow imp closely misses you.
The deep elf knight shoots an arrow.
The arrow misses you. The shadow imp gestures at you.
Pain shoots through your body!
The deep elf knight casts a spell at you.
The stone arrow hits you!
* * * LOW HITPOINT WARNING * * *
Rick hits the shadow imp.
The deep elf knight gestures at you while chanting.
The stone arrow hits you!
You die...

##.####+####..#......##.
####..#.≈...≈.#..#....#.##.
#..^..#.≈...≈.#.......#....
#####+#.##..#.≈≈≈≈≈.#.......####.
#..#....###.#.≈≈♣3≈K#.###..#####.
......#.# #.#.≈≈P≈≈5#.# #........
#....##.# #.#5R4..≈5#.# #...#####
#.##.##.# #.#)≈...≈e#.#####.#####
#.......# .####@####............
####.#### #P§....P#.###.#.#...#
.....# #8P§..P8#.###.#..#.#.
.##### #..#########.....#....#.
.# #.$....©......#..##.#.#. ##
....(#......<...>###...#
#.#...................##
......##..#.#..####### ###
#####.##.<#....#


You could see the friendly Rick the ancestor, a deep elf knight, a kobold
demonologist, a neqoxec, a chaos spawn and 3 shadow imps.

Vanquished Creatures
  A kobold demonologist (D:7)
  A hippogriff (D:7)
  Eustachio (D:6)
  A steam dragon (D:5)
  3 soldier ants (D:7)
  3 water moccasins (D:7)
  An ice beast (D:7)
  Duvessa (D:5)
  2 sky beasts
  2 ogres
  2 phantoms (D:4)
  A big kobold (Sewer)
  Dowan (D:5)
  6 scorpions (D:6)
  4 killer bees (D:7)
  5 wights (D:7)
  A centaur zombie (D:6)
  2 crimson imps (D:7)
  4 hounds
  A centaur skeleton (D:4)
  6 orc priests
  6 orc wizards
  Jessica (D:2)
  2 iguanas
  7 worker ants
  Robin (D:3)
  A worker ant zombie (D:5)
  11 adders
  A river rat (Sewer)
  A shadow imp (D:6)
  3 oozes
  An adder skeleton (D:5)
  2 worms
  2 dart slugs
  3 leopard geckos
  24 orcs
  3 ball pythons
  7 giant cockroaches
  14 goblins
  11 hobgoblins
  3 jackals
  A quokka (D:5)
  11 bats
  7 frilled lizards
  11 kobolds
  A quokka zombie (D:5)
  11 rats
  A spectral orc (D:5)
  A fungus (D:6)
197 creatures vanquished.

Vanquished Creatures (collateral kills)
  A hound (D:6)
  A jackal (D:7)
  3 bats (D:6)
5 creatures vanquished.

Vanquished Creatures (others)
  An adder (D:5)
  A frilled lizard (D:5)
  A fungus (D:6)
3 creatures vanquished.

Grand Total: 205 creatures vanquished

Notes
Turn   | Place    | Note
-------+----------+-------------------------------------------
     0 | D:1      | Rrauwl the Troll Assassin began the quest for the Orb.
     0 | D:1      | Reached XP level 1. HP: 19/19 MP: 0/0
    53 | D:1      | Reached skill level 1 in Dodging
    69 | D:1      | Reached XP level 2. HP: 28/28 MP: 1/1
   448 | D:1      | Reached skill level 1 in Unarmed Combat
   892 | D:2      | Reached XP level 3. HP: 34/35 MP: 2/2
   946 | D:2      | Noticed Jessica
   959 | D:2      | Killed Jessica
  1005 | D:2      | Reached XP level 4. HP: 40/44 MP: 3/3
  1006 | D:2      | Reached skill level 2 in Unarmed Combat
  1137 | D:2      | Found a deep blue altar of Sif Muna.
  1551 | D:3      | Reached skill level 3 in Unarmed Combat
  1551 | D:3      | Reached XP level 5. HP: 44/53 MP: 4/4
  1604 | D:3      | Noticed Robin
  1619 | D:3      | Reached skill level 4 in Unarmed Combat
  1637 | D:3      | Killed Robin
  1945 | D:3      | Noticed an ogre
  2028 | D:4      | Got an encrusted whip
  2029 | D:4      | Identified the +7 whip "Qoamnysio" {slash, *Rage +Rage rN+ Dex+4} (You found it on level 4 of the Dungeon)
  2068 | D:4      | Noticed an ogre
  2073 | D:4      | Killed an ogre
  2073 | D:4      | Reached skill level 5 in Unarmed Combat
  2073 | D:4      | Reached XP level 6. HP: 61/61 MP: 5/5
  2174 | D:4      | Reached skill level 6 in Unarmed Combat
  2246 | D:4      | Found an ancient bone altar of Kikubaaqudgha.
  2253 | D:4      | Reached XP level 7. HP: 63/67 MP: 6/6
  2397 | D:4      | Reached skill level 7 in Unarmed Combat
  2540 | D:5      | Entered Level 5 of the Dungeon
  2597 | D:5      | Found a glowing drain.
  2628 | Sewer    | Entered a sewer
  2732 | Sewer    | Found a white marble altar of Elyvilon.
  2771 | Sewer    | Gained mutation: You have sharp toenails. [potion of mutation]
  2771 | Sewer    | Gained mutation: You heal very quickly. [potion of mutation]
  2771 | Sewer    | Gained mutation: Armour fits poorly on your strangely shaped body. [potion of mutation]
  2771 | Sewer    | Gained mutation: You have razor-sharp toenails. [potion of mutation]
  2853 | D:5      | Noticed a steam dragon
  2857 | D:5      | Reached skill level 8 in Unarmed Combat
  2866 | D:5      | Killed a steam dragon
  2867 | D:5      | Reached XP level 8. HP: 8/75 MP: 7/7
  2945 | D:5      | Noticed Duvessa
  2946 | D:5      | Noticed Dowan
  2968 | D:5      | Reached skill level 9 in Unarmed Combat
  2975 | D:5      | Killed Duvessa
  2986 | D:5      | Killed Dowan
  3165 | D:5      | Found a stormy altar of Qazlal.
  3225 | D:5      | Found a staircase to the Ecumenical Temple.
  3234 | Temple   | Entered the Ecumenical Temple
  3262 | Temple   | Became a worshipper of Hepliaklqana the Forgotten
  3549 | D:5      | Found a basalt altar of Yredelemnul.
  3605 | D:6      | Reached skill level 10 in Unarmed Combat
  3728 | D:6      | Found a sacrificial altar of Ru.
  3796 | D:6      | Found Dubbyliaff's General Store.
  3832 | D:6      | Noticed Eustachio
  3843 | D:6      | Killed Eustachio
  3926 | D:6      | Reached skill level 11 in Unarmed Combat
  3974 | D:6      | Reached XP level 9. HP: 72/72 MP: 8/8
  4323 | D:7      | Reached * piety under Hepliaklqana
  4343 | D:7      | Found a runed door.
  4362 | D:7      | Found a runed door.
  4367 | D:7      | Found a runed gate.
  4378 | D:7      | Found a runed gate.
  4378 | D:7      | Found a runed gate.
  4414 | D:7      | Reached skill level 12 in Unarmed Combat
  4700 | D:7      | Found a white marble altar of Elyvilon.
  4712 | D:7      | Found a shattered altar of Ashenzari.
  4715 | D:7      | Found a shimmering altar of Xom.
  4727 | D:7      | Found a snail-covered altar of Cheibriados.
  4939 | D:7      | Found a bloodstained altar of Trog.
  5028 | D:7      | Noticed a deep elf knight
  5035 | D:7      | Noticed a kobold demonologist
  5035 | D:7      | Noticed a kobold demonologist
  5047 | D:7      | Noticed a red devil
  5048 | D:7      | Noticed a hellwing
  5048 | D:7      | Killed a kobold demonologist
  5048 | D:7      | Reached XP level 10. HP: 48/84 MP: 9/9
  5050 | D:7      | Killed from afar by a deep elf knight

Skill      XL: |  1  2  3  4  5  6  7  8  9 |
---------------+----------------------------+-----
Dodging        | 1 |  1.0
Throwing       | 2 |  2.0
Fighting       | 2 3 4 |  4.8
Unarmed Combat | 1 3 5 6 8 11 12 | 12.9
Short Blades   | |  1.5
Stealth        | |  2.1

Action                   |  1- 3 |  4- 6 |  7- 9 | 10-12 || total
-------------------------+-------+-------+-------+-------++-------
Melee: Unarmed           |    95 |   173 |   322 |       ||   590
       Punch             |     1 |     3 |    12 |       ||    16
       Whip              |       |    25 |       |       ||    25
       Kick              |       |       |    53 |       ||    53
Invok: Recall Ancestor   |       |       |     2 |       ||     2
       Ancestor Identity |       |       |     1 |       ||     1
  Use: Scroll            |       |     7 |     9 |       ||    16
       Potion            |       |       |    12 |       ||    12
 Stab: Sleeping          |     5 |     2 |     8 |       ||    15
       Distracted        |       |       |     1 |       ||     1
  Eat: Chunk             |    14 |    13 |    22 |       ||    49
Armor: Robe              |    42 |    90 |    81 |       ||   213
Dodge: Dodged            |    50 |   100 |    98 |     2 ||   250
Block: Other             |       |     8 |    57 |       ||    65
       Reflection        |       |       |     2 |       ||     2
